AoeStats
← Fs.Black_

MegaRandom

507326572Analyzed
4v4 RM · 14d ago on Sep 17, 2026· 25m 44s· 8 players
Game mode
Random Map
Map size
Large (8 player)
Population
200
Speed
Normal
Resources
Standard
Victory
Conquest
Starting age
Dark Age
Ending age
Imperial Age
RankedLock teamsTeams togetherTeam positionsShared explorationLock speedFull tech treeHidden civsTurbo modeCheats
Victory
Defeat
🇧🇷 Mongols · Brazil
1670
+11
🇧🇷 Georgians · Brazil
1644
+12
🇧🇷 Britons · Brazil
1599
+14
🇧🇷 Khitans · Brazil
1569
+14
🇺🇸 Jurchens · United States
1587
-14
🇲🇽 Saracens · Mexico
1568
-14
🇺🇸 Franks · United States
1524
-12
🇨🇭 Mongols · Switzerland
1515
-11
hoffypianoman
6:59 Loom
9:00 Feudal Age
9:49 Double-Bit Axe
18:20 Scale Barding Armor
23:41 Castle Age
22:24 Forging
22:36 Gold Mining
24:50 Wheelbarrow
24:41 Chain Barding Armor
26:18 Husbandry
boo
9:14 Feudal Age
13:24 Castle Age
11:54 Double-Bit Axe
16:58 Loom
22:44 Horse Collar
23:07 Husbandry
24:32 Wheelbarrow
24:28 Scale Barding Armor
25:06 Bow Saw
26:00 Chain Barding Armor
CAXCAN
8:01 Loom
11:17 Feudal Age
12:30 Double-Bit Axe
15:39 Fletching
21:40 Horse Collar
23:56 Padded Archer Armor
27:54 Castle Age
lorddoc
6:43 Loom
9:06 Feudal Age
19:21 Fletching
19:53 Horse Collar
20:34 Padded Archer Armor
25:25 Castle Age
Fs.7mendes
6:10 Loom
9:01 Feudal Age
10:32 Double-Bit Axe
11:30 Forging
19:45 Scale Barding Armor
26:57 Castle Age
Floripa
6:23 Loom
8:46 Feudal Age
9:52 Town Watch
13:58 Fletching
19:39 Wheelbarrow
23:21 Castle Age
22:01 Padded Archer Armor
22:41 Gold Mining
22:37 Double-Bit Axe
23:27 Crossbowman
25:55 Bodkin Arrow
Oni.Nego
7:53 Feudal Age
10:29 Double-Bit Axe
14:39 Loom
17:42 Wheelbarrow
21:03 Castle Age
19:47 Scale Barding Armor
19:52 Forging
19:24 Horse Collar
20:50 Bloodlines
22:27 Chain Barding Armor
25:53 Iron Casting
26:15 Husbandry
Fs.Black_
5:41 Loom
8:26 Feudal Age
11:37 Fletching
13:46 Padded Archer Armor
21:59 Castle Age
20:15 Double-Bit Axe
20:23 Gold Mining
22:04 Crossbowman
22:40 Bodkin Arrow
23:23 Bow Saw
Connection lost

Rejoining the realm…

Still unreachable

The connection could not be restored.

Session expired

The server has moved on; the page needs a fresh start.